 Dungeon Crawl Stone Soup version 0.20-a0-787-g4ba4951 (webtiles) character file.

677 Dharzhak the Chopper (level 7, -10/59 HPs)
             Began as a Hill Orc Fighter on Feb 27, 2017.
             Mangled by Pikel
             ... wielding a +0 whip of electrocution
              (17 damage)
             ... on level 6 of the Dungeon.
             The game lasted 00:11:17 (4023 turns).

Dharzhak the Chopper (Hill Orc Fighter)             Turns: 4023, Time: 00:11:18

Health: -10/59     AC: 13    Str: 19    XL:     7   Next: 60%
Magic:  7/7        EV:  6    Int:  8    God:
Gold:   188        SH: 10    Dex: 12    Spells: 6/6 levels left

rFire    + + .     SeeInvis .   a - +1 war axe
rCold    + + .     Gourm    .   A - +0 chain mail
rNeg     . . .     Faith    .   c - +0 shield
rPois    .         Spirit   .   (helmet restricted)
rElec    .         Reflect  .   o - scarf {rC+ rF+}
rCorr    .         Harm     .   q - +1 pair of gloves
MR       .....                  m - +0 pair of boots
Stlth    ..........             (no amulet)
Regen    0.2/turn               i - ring of protection from cold
MPRegen  0.1/turn               e - ring of protection from fire

@: very slightly contaminated, invisible
A: antennae 1
a: no special abilities


You were on level 6 of the Dungeon.
You were not hungry.

You visited 1 branch of the dungeon, and saw 6 of its levels.

You collected 188 gold pieces.

Inventory:

Hand Weapons
 a - a +1 war axe (weapon)
 r - a +0 flail
Armour
 c - a +0 shield (worn)
 m - a +0 pair of boots (worn)
 o - a scarf of resistance (worn)
 q - a +1 pair of gloves (worn)
 A - a +0 chain mail (worn)
Jewellery
 d - an uncursed ring of poison resistance {unknown}
 e - a ring of protection from fire (left hand)
 g - a cursed -3 ring of strength {unknown}
 i - a ring of protection from cold (right hand)
 u - an uncursed ring of positive energy {unknown}
Wands
 l - a wand of confusion (19/48)
 s - a wand of lightning (8/15)
 x - a wand of lightning (12/15)
Scrolls
 b - 2 scrolls of teleportation {unknown}
 h - a scroll of magic mapping
 n - 3 scrolls of fear {unknown}
Potions
 k - 3 potions of curing {unknown}
 z - a potion of mutation {unknown}
 B - a potion of berserk rage {unknown}
 C - a potion of ambrosia {unknown}
 D - a potion of flight {unknown}
Comestibles
 f - 3 bread rations
 p - 2 meat rations
 v - a chunk of flesh
 w - 3 royal jellies


   Skills:
 + Level 4.2 Fighting
 + Level 7.3 Axes
 + Level 5.4 Armour
 + Level 1.3 Dodging
 + Level 0.5 Stealth
 + Level 5.1 Shields


You had 6 spell levels left.
You didn't know any spells.

Dungeon Overview and Level Annotations

Branches:
Dungeon (6/15)
 Temple: D:4-7

Altars:
Xom
The Shining One

Shops:
D:4 :

Annotations:
D:6 Pikel


Innate Abilities, Weirdness & Mutations

You have a pair of small antennae on your head.


Message History

The slave completely misses you. You block the bullfrog's attack.
You are very lightly contaminated with residual magic.
You hit Pikel.
Pikel is severely wounded.
You slash the bullfrog!
You kill the bullfrog!
You miss the slave. You completely miss the slave.
You hit the slave but do no damage. The slave hits you but does no damage.
The slave hits you.
* * * LOW HITPOINT WARNING * * *
Pikel hits you but does no damage. The slave hits you but does no damage.
You strike the helpless Pikel from behind!
You hit Pikel.
Pikel is severely wounded.
You hit the slave.
You catch the helpless slave completely off-guard!
You hit the slave. You hit the slave but do no damage.
The slave hits you but does no damage. You block the slave's attack.
Pikel hits you but does no damage.
You are electrocuted!
You die...

#####.## .......
#.....####.......
#................
#................
#................
#...........##...
#...........#
#..p[....?..#
#.p@†.......#
#.pK#.#######
......>..#
....#...#.. ...
#...#... ..
....#.... .
.....#?....
.............


You could see Pikel and 3 slaves.

Vanquished Creatures
  A slave (D:6)
  2 sky beasts
  A centaur (D:5)
  A bullfrog (D:6)
  A howler monkey (D:3)
  A hound (D:4)
  An orc priest (D:4)
  A jelly (D:5)
  Ijyb (D:3)
  An iguana (D:5)
  An orc wizard (D:4)
  A worker ant (D:6)
  6 adders
  2 oozes
  2 worms
  A dart slug (D:5)
  2 leopard geckos (D:2)
  3 orcs (D:4)
  2 giant cockroaches
  4 goblins
  5 hobgoblins
  4 jackals (D:2)
  8 kobolds
  A quokka (D:2)
  3 ball pythons
  7 bats
  5 frilled lizards
  4 rats
72 creatures vanquished.

Notes
Turn   | Place    | Note
-------+----------+-------------------------------------------
     0 | D:1      | Dharzhak the Hill Orc Fighter began the quest for the Orb.
     0 | D:1      | Reached XP level 1. HP: 19/19 MP: 1/1
   182 | D:1      | Reached skill level 3 in Axes
   265 | D:1      | Reached XP level 2. HP: 26/27 MP: 2/2
   876 | D:2      | Reached XP level 3. HP: 33/33 MP: 3/3
  1261 | D:2      | Reached XP level 4. HP: 28/40 MP: 4/4
  1546 | D:2      | Reached skill level 4 in Axes
  1730 | D:3      | Noticed Ijyb
  1761 | D:3      | Killed Ijyb
  2012 | D:3      | Found a shimmering altar of Xom.
  2120 | D:3      | Found a glowing golden altar of the Shining One.
  2248 | D:3      | Reached XP level 5. HP: 40/46 MP: 5/5
  2362 | D:3      | Reached skill level 5 in Axes
  2691 | D:4      | Reached skill level 1 in Dodging
  2698 | D:4      | Found Fazad's Book Shoppe.
  3033 | D:4      | Reached XP level 6. HP: 51/52 MP: 6/6
  3297 | D:5      | Entered Level 5 of the Dungeon
  3371 | D:5      | Noticed a sky beast
  3382 | D:5      | Killed a sky beast
  3382 | D:5      | Reached skill level 6 in Axes
  3767 | D:5      | Reached skill level 5 in Armour
  3810 | D:5      | Reached XP level 7. HP: 44/59 MP: 7/7
  3910 | D:6      | Reached skill level 5 in Shields
  3916 | D:6      | Gained mutation: You have a pair of small antennae on your head. [mutagenic meat]
  3964 | D:6      | Reached skill level 7 in Axes
  4010 | D:6      | Noticed Pikel
  4023 | D:6      | Mangled by Pikel

Vault maps used:
D:1:      dpeg_arrival_connections
D:2:      first_bread
D:3:      minmay_wonky_spiral, nicolae_overflow_hidden_temple,
          nicolae_tso_swordbearing_angel, uniq_iyjb
D:4:      serial_shops, nicolae_shop_stone
D:6:      minmay_temple_entry_hall, elyvilon_altar_4, uniq_sigmund, uniq_pikel

Skill      XL: |  1  2  3  4  5  6  7 |
---------------+----------------------+-----
Axes           | 3 4 5 6 7 |  7.3
Fighting       | 4 |  4.2
Armour         | 4 5 |  5.4
Shields        | 4 5 |  5.1
Dodging        | 1 |  1.3
Stealth        | |  0.5

Action                   |  1- 3 |  4- 6 |  7- 9 || total
-------------------------+-------+-------+-------++-------
Melee: War axe           |   127 |   162 |    30 ||   319
  Use: Potion            |       |     1 |     1 ||     2
       Scroll            |       |     7 |       ||     7
 Stab: Invisible         |       |       |     2 ||     2
  Eat: Chunk             |     1 |     4 |     1 ||     6
       Meat ration       |       |     1 |       ||     1
Armor: Scale mail        |    98 |    53 |       ||   151
       Chain mail        |       |    27 |    38 ||    65
Dodge: Dodged            |    59 |    37 |    15 ||   111
Block: Shield            |    85 |    77 |    25 ||   187
